 Dungeon Crawl Stone Soup version 0.18-a0-1542-g9c1a92e (webtiles) character file.

2 Ratboiler the Scratcher (level 1, 0/7 HPs)
             Began as a Felid Wanderer on Mar 10, 2016.
             Slain by a kobold
             ... wielding a +0 dagger
              (4 damage)
             ... on level 1 of the Dungeon.
             The game lasted 00:00:49 (145 turns).

Ratboiler the Scratcher (Felid Wanderer)             Turns: 145, Time: 00:00:49

Health: 0/7        AC:  1    Str:  9    XL:     1   Next: 25%
Magic:  1/3        EV: 15    Int: 11    God:
Gold:   0          SH:  0    Dex: 16    Spells: 1 memorised, 1 level left
                                        Lives:  0   Deaths: 0

rFire  . . .     SeeInvis +       - Unarmed
rCold  . . .     Gourm    .     (armour unavailable)
rNeg   . . .     Faith    .     (shield unavailable)
rPois  .         Spirit   .     (helmet unavailable)
rElec  .         Dismiss  .     (cloak unavailable)
rCorr  .         Reflect  .     (gloves unavailable)
SustAt .         Harm     .     (boots unavailable)
MR     .....                    (no amulet)
Stlth  ++........               (no ring)
                                (no ring)

@: very slightly contaminated, quick, not resistant to hostile enchantments,
unstealthy
A: no armour, no weapons or thrown items, claws 1, fangs 3, see invisible,
carnivore 3, speed 1, shaggy fur 1, slow metabolism 1, sharp paws
a: no special abilities


You were on level 1 of the Dungeon.
You were not hungry.

You visited 1 branch of the dungeon, and saw 1 of its levels.

Inventory:

Missiles
 e - 4 stones
Scrolls
 c - a scroll of teleportation
Books
 a - a book of Geomancy

   Spells                             Type                      Level
   a - Sandblast                      Earth                        1
   b - Passwall                       Transmutation/Earth          2
   c - Stone Arrow                    Conjuration/Earth            3
   d - Petrify                        Transmutation/Earth          4
   e - Lee's Rapid Deconstruction     Earth                        5
 b - the Incunabulum of Conjuration

   Spells                             Type                      Level
   a - Magic Dart                     Conjuration                  1
   b - Throw Flame                    Conjuration/Fire             2
Comestibles
 d - a meat ration
 f - a royal jelly


   Skills:
 - Level 1.3 Stealth
 - Level 3.0 Unarmed Combat
 - Level 1.0 Spellcasting
 * Level 0.5 Conjurations
   Level 1.0 Air Magic
   Level 2.6 Earth Magic
   Level 1.1 Evocations


You had one spell level left.
You knew the following spells:

 Your Spells              Type           Power        Failure   Level  Hunger
a - Magic Dart            Conj           #...         30%         1    ##.....


Dungeon Overview and Level Annotations

Branches:
Dungeon (1/15)

Altars:


Innate Abilities, Weirdness & Mutations

You cannot wear armour.
You are incapable of wielding weapons or throwing items.
You have sharp claws.
You have razor-sharp teeth.
You have supernaturally acute eyesight.
You are carnivorous and can eat meat at any time.
You cover ground quickly.
You are covered in fur (AC +1).
You have a slow metabolism.
Your sharp claws are effective at attacking unaware monsters.


Message History

The kobold hits you with a dagger.
There is an open door here.
Casting: Magic Dart
Confirm with . or Enter, or press ? or * to list all spells.
Aiming: Magic Dart
Press: ? - help, Shift-Dir - straight line, f - kobold
Aim: a kobold, wielding a dagger You miscast Magic Dart.
You are very lightly contaminated with residual magic.
Sparks fly from your paws! The kobold barely misses you.
Casting: Magic Dart
Confirm with . or Enter, or press ? or * to list all spells.
Aiming: Magic Dart
Press: ? - help, Shift-Dir - straight line, f/p - kobold
Aim: a kobold, wielding a dagger The magic dart hits the kobold.
The kobold is moderately wounded.
The kobold hits you with a dagger.
Ouch! That really hurt!
You die...

..........#
..........#
..........#
.....>....#
.........$#
...l......#
......l...#
#######K### #@#
#####.# ###
#.....# #.#
#.##### #.# #.#
#.# #.# #####
#.# #.#
#...#####.#
#.###.#....†..#
#.......#####.#


You could see a giant gecko and a kobold.

Vanquished Creatures
  A hobgoblin (D:1)
  A kobold (D:1)
2 creatures vanquished.

Notes
Turn   | Place    | Note
--------------------------------------------------------------
     0 | D:1      | Ratboiler the Felid Wanderer began the quest for the Orb.
     0 | D:1      | Ratboiler set off with: a book of Geomancy, the Incunabulum of Conjuration, a scroll of teleportation, a meat ration
     0 | D:1      | Reached XP level 1. HP: 7/7 MP: 3/3
     0 | D:1      | Identified the Incunabulum of Conjuration
     2 | D:1      | Learned a level 1 spell: Magic Dart
   145 | D:1      | Slain by a kobold

Vault maps used:
D:1:      sevenhm_arrival_forest_fort_small_1

Action                   || total
-------------------------++-------
Melee: Unarmed           ||     6
 Cast: Magic Dart        ||     4
 Stab: Sleeping          ||     1
